 Dungeon Crawl Stone Soup version 0.22.1-2-g9c5b331 (webtiles) character file.

88 Agarog the Skirmisher (level 4, -7/35 HPs)
             Began as a Mummy Chaos Knight on Dec 27, 2018.
             Mangled by an ogre
             ... wielding a +0 giant spiked club
              (24 damage)
             ... on level 4 of the Dungeon.
             The game lasted 00:03:55 (2516 turns).

Agarog the Skirmisher (Mummy Chaos Knight)          Turns: 2516, Time: 00:03:55

Health: -7/35      AC:  8    Str: 16    XL:     4   Next: 29%
Magic:  6/6        EV:  7    Int: 11    God:    Xom [......]
Gold:   208        SH:  0    Dex: 11    Spells: 6/6 levels left

rFire    x . .     SeeInvis .   a - +0 hand axe (chaos)
rCold    + . .     Gourm    .   (no shield)
rNeg     + + +     Faith    .   o - +0 chain mail
rPois    ∞         Spirit   .   (no helmet)
rElec    .         Reflect  .   g - scarf {repulsion}
rCorr    +         Harm     .   (no gloves)
MR       .....                  (no boots)
Stlth    ..........             (no amulet)
HPRegen  0.11/turn              f - ring of resist corrosion
MPRegen  0.10/turn              (no ring)

@: repel missiles
A: no food or potions, fire vulnerability, cold resistance 1, negative energy
resistance 3, torment resistance, unbreathing
a: Renounce Religion


You were on level 4 of the Dungeon.
You worshipped Xom.
You were a very special plaything of Xom.
You were not hungry.

You visited 1 branch of the dungeon, and saw 4 of its levels.

You collected 208 gold pieces.

Inventory:

Hand Weapons
 a - a +0 hand axe of chaos (weapon)
Armour
 g - a scarf of repulsion (worn)
 o - a +0 chain mail (worn)
Jewellery
 f - a ring of resist corrosion (left hand)
 k - an uncursed ring of ice
Scrolls
 c - 3 scrolls of magic mapping {unknown}
 d - 6 scrolls of identify {unknown}
 e - 2 scrolls of immolation {unknown}
 h - a scroll of enchant weapon {unknown}
 i - a scroll of remove curse {unknown}
 j - a scroll of random uselessness {unknown}
 m - a scroll of fear {unknown}
 n - 2 scrolls of teleportation {unknown}


   Skills:
 + Level 3.5 Fighting
 + Level 2.8 Axes
 + Level 2.1 Armour
 + Level 1.6 Dodging
 + Level 1.9 Spellcasting


You had 6 spell levels left.
You didn't know any spells.
Your spell library contained the following spells:

 Spells                   Type           Power        Failure   Level  Hunger
 Sticks to Snakes         Tmut           #.......     100%        2    N/A
 Beastly Appendage        Tmut           Unusable     N/A         1    N/A
 Spider Form              Tmut/Pois      Unusable     N/A         3    N/A
 Ice Form                 Ice/Tmut       Unusable     N/A         4    N/A
 Blade Hands              Tmut           Unusable     N/A         5    N/A

Dungeon Overview and Level Annotations

Branches:
Dungeon (4/15)
 Temple: D:4-7

Altars:
Sif Muna
Trog
Vehumet
The Shining One


Innate Abilities, Weirdness & Mutations

You do not eat or drink.
Your flesh is vulnerable to fire.
You are immune to poison.
Your flesh is cold resistant. (rC+)
You are immune to negative energy. (rN+++)
You are immune to unholy pain and torment.
You can survive without breathing.


Message History

Anything else - Cancel.
Gang up on whom?
Press: ? - help, Dir - move target cursor, f - ogre
Aim: an ogre, wielding a giant spiked club Attack!
The goblin misses your shadow imp.
The ogre hits you with a giant spiked club!
The goblin barely misses your shadow imp.
The goblin hits your shadow imp but does no damage.
Your shadow imp barely misses the goblin.
The goblin hits your shadow imp.
The goblin closely misses something.
An ogre comes into view. It is wielding a giant spiked club.
A gnoll shaman comes into view. It is wielding a club.
There is a stone staircase leading down here.
Xom grants you some temporary aid.
You are now a very special plaything of Xom.
The ogre hits you with a giant spiked club!!
Ouch! That really hurt!
You die...
Xom snickers!

#.#.## #.#
#.#g.# #.#
#g##.####.#
#...O..##.#
#.##.#.##.#
#.##.#.##.#
#.##5#.##.#
#.##5#.##.#
#.##@#.##.#
#).O5#.##.#
###.#55#.##.#
.............#
..........####
#######.####
#.# ..# ####


You could see 2 ogres, a gnoll shaman, a friendly crimson imp, a friendly white
imp, 2 friendly shadow imps and a friendly ufetubus.

Vanquished Creatures
  3 adders
  A dart slug (D:3)
  2 leopard geckos
  2 orcs
  A ball python (D:1)
  2 giant cockroaches (D:1)
  4 goblins
  4 hobgoblins
  4 jackals (D:1)
  A quokka (D:3)
  12 bats
  5 frilled lizards
  5 kobolds
  8 rats
54 creatures vanquished.

Notes
Turn   | Place    | Note
-------+----------+-------------------------------------------
     0 | D:1      | Agarog the Mummy Chaos Knight began the quest for the Orb.
     0 | D:1      | Reached XP level 1. HP: 18/18 MP: 1/1
   110 | D:1      | Reached skill level 1 in Dodging
   114 | D:1      | Reached XP level 2. HP: 22/24 MP: 2/2
   198 | D:1      | Reached skill level 1 in Spellcasting
   717 | D:1      | XOM: divination: detect items
   780 | D:1      | XOM: noise
   892 | D:2      | Reached XP level 3. HP: 29/29 MP: 4/4
   956 | D:2      | XOM: enchant monster (good)
  1295 | D:2      | XOM: god gift: 6 needles of confusion
  1425 | D:2      | XOM: cloud trail
  1850 | D:3      | Found a deep blue altar of Sif Muna.
  1850 | D:3      | Found a glowing golden altar of the Shining One.
  1926 | D:3      | Reached XP level 4. HP: 31/35 MP: 6/6
  1982 | D:3      | Noticed a moth of wrath
  1985 | D:3      | Found a bloodstained altar of Trog.
  2021 | D:3      | XOM: god gift: 35 gold pieces
  2249 | D:3      | XOM: god gift: chain mail {god gift}
  2272 | D:3      | XOM: divination: magic mapping
  2286 | D:3      | XOM: god gift: 11 gold pieces
  2491 | D:4      | Found a radiant altar of Vehumet.
  2493 | D:4      | Noticed an ogre
  2494 | D:4      | XOM: summons 2 friendly demons
  2514 | D:4      | Noticed an ogre
  2516 | D:4      | XOM: summons 4 friendly demons
  2516 | D:4      | Mangled by an ogre

Skill      XL: |  1  2  3 |
---------------+----------+-----
Dodging        | 1 |  1.6
Spellcasting   | 1 |  1.9
Armour         | 2 |  2.1
Fighting       | |  3.5
Axes           | |  2.8

Action                   |  1- 3 |  4- 6 || total
-------------------------+-------+-------++-------
Melee: Hand axe          |   138 |    23 ||   161
 Stab: Paralysed         |     3 |       ||     3
Armor: Leather armour    |    80 |       ||    80
       Chain mail        |    12 |    15 ||    27
Dodge: Dodged            |    80 |     9 ||    89
       Deflected         |     3 |     3 ||     6
